 Dungeon Crawl Stone Soup version 0.19.4-10-g532645f (webtiles) character file.

2678 Mesmaeker13 the Covert (level 9, -9/61 HPs)
             Began as a Human Assassin on Feb 23, 2017.
             Mangled by a komodo dragon (26 damage)
             ... on level 7 of the Dungeon.
             The game lasted 00:20:37 (8802 turns).

Mesmaeker13 the Covert (Human Assassin)             Turns: 8802, Time: 00:20:37

Health: -9/61      AC:  9    Str: 12    XL:     9   Next: 95%
Magic:  9/9        EV: 17    Int: 13    God:
Gold:   389        SH:  3    Dex: 16    Spells: 0 memorised, 8 levels left

rFire  . . .     SeeInvis .     C - +4 Vampire's Tooth {vamp}
rCold  . . .     Gourm    .     r - +0 leather armour
rNeg   . . .     Faith    .     (no shield)
rPois  .         Spirit   .     F - +0 helmet
rElec  .         Reflect  +     d - +0 cloak
rCorr  .         Harm     .     o - +0 pair of gloves
MR     .....                    n - +2 pair of boots
Stlth  ++++......               p - +3 amulet of reflection
                                (no ring)
                                (no ring)

@: no status effects
A: no striking features
a: no special abilities


You were on level 7 of the Dungeon.
You were not hungry.

You visited 1 branch of the dungeon, and saw 8 of its levels.

You collected 389 gold pieces.

Inventory:

Hand Weapons
 a - a +2 dagger
 b - a +0 blowgun
 m - a +0 dagger of draining
 C - the +4 Vampire's Tooth (weapon) {vamp}
   (You found it on level 6 of the Dungeon)

   It inflicts no extra harm, but heals its wielder when it wounds a living foe.
Missiles
 e - 24 poisoned needles
 f - 2 curare-tipped needles
Armour
 d - a +0 cloak (worn)
 n - a +2 pair of boots (worn)
 o - a +0 pair of gloves (worn)
 r - a +0 leather armour (worn)
 E - a +1 buckler of positive energy
 F - a +0 helmet (worn)
Jewellery
 p - a +3 amulet of reflection (around neck)
Wands
 s - a wand of slowing (4/48)
 G - a wand of iceblast (5/15)
Scrolls
 k - 3 scrolls of amnesia
 v - a scroll of recharging {unknown}
 x - 5 scrolls of fog
 y - a scroll of immolation
 A - a scroll of summoning {unknown}
 H - a scroll of noise {unknown}
Potions
 h - a potion of flight
 i - 2 potions of cancellation
 j - 2 potions of lignification {unknown}
 l - a potion of magic {unknown}
 q - 2 potions of curing
 t - 4 potions of mutation {unknown}
 w - a potion of berserk rage {unknown}
 z - 4 potions of haste {unknown}
Comestibles
 g - 3 bread rations
 B - a slice of pizza
 D - a meat ration


   Skills:
 - Level 2.0 Fighting
 + Level 7.3 Short Blades
 - Level 2.0 Throwing
 + Level 7.5 Dodging
 + Level 8.8 Stealth
 + Level 2.6 Shields


You had 8 spell levels left.
You didn't know any spells.

Dungeon Overview and Level Annotations

Branches:
Dungeon (8/15)
 Temple: D:4-7         Lair: D:8-11

Altars:
Elyvilon
Fedhas
Hepliaklqana
Makhleb
Ru
Trog
Yredelemnul
Zin

Annotations:
D:3 1 runed door
D:5 Eustachio
D:8 Brouzouf's ghost, novice HEAE; Erica


Message History

The komodo dragon misses you.
You finish taking off your +1 buckler of positive energy.
You feel less protected from negative energy.
The komodo dragon hisses menacingly.
The orc warrior is no longer moving slowly.
All of the chunks of flesh in your inventory have rotted away.
Found a bloodstained altar of Trog.
The komodo dragon bites you.
* * * LOW HITPOINT WARNING * * *
A yak comes into view.
Erica the Fiery-Tempered comes into view.
She is wielding a scimitar of flaming.
You see here 13 gold pieces.
You see here an iguana skeleton.
There is a stone staircase leading up, spattered with blood here.
You see here an arrow.
The komodo dragon misses you.
You climb upwards.
There is a stone staircase leading down, spattered with blood here.
The komodo dragon bites you!!
You die...

...............## ##..........
#..............## ##...........
................## #............
.................#####...........
...........................[.....
....<..................##........
##................########.......
##............#..##.### ###.....
##..........###@#....## ###### #
##.........# #>l.....# ##
##.......## #.......## .#
##.....## ##........# .## ##...##
##.........# ..# ##.##
##..........# ..## ###
#...........# ...# ##...........#
...# #............# ####


You could see a komodo dragon.

Vanquished Creatures
  A hornet (D:8)
  2 phantoms
  A sky beast (D:7)
  2 ogres
  4 centaurs
  3 bullfrogs
  Blork the orc (D:6)
  A gnoll sergeant (D:7)
  A water moccasin zombie (D:7)
  A scorpion (D:6)
  6 killer bees (D:6)
  2 howler monkeys (D:7)
  2 vampire bats (D:6)
  2 electric eels (D:6)
  3 crimson imps
  4 hounds
  A quasit (D:5)
  A jelly (D:6)
  3 orc priests
  Terence (D:3)
  3 iguanas
  An orc wizard (D:5)
  A worker ant (D:7)
  2 hound skeletons
  A worker ant zombie (D:6)
  7 gnolls
  10 adders
  An ooze (D:6)
  5 worms
  A dart slug (D:2)
  3 leopard geckos
  13 orcs
  14 bats
  4 giant cockroaches
  9 hobgoblins
  6 jackals
  2 quokkas
  6 frilled lizards
  5 goblins
  10 kobolds
  2 leopard gecko skeletons
  8 rats
156 creatures vanquished.

Notes
Turn   | Place    | Note
-------+----------+-------------------------------------------
     0 | D:1      | Mesmaeker13 the Human Assassin began the quest for the Orb.
     0 | D:1      | Reached XP level 1. HP: 16/16 MP: 1/1
   151 | D:1      | Reached XP level 2. HP: 22/22 MP: 2/2
   592 | D:1      | Reached XP level 3. HP: 24/27 MP: 3/3
  1239 | D:2      | Found a hazy altar of Hepliaklqana.
  1291 | D:2      | Reached XP level 4. HP: 33/33 MP: 4/4
  1295 | D:2      | Found a white marble altar of Elyvilon.
  1958 | D:3      | Reached XP level 5. HP: 38/38 MP: 5/5
  2519 | D:3      | Reached skill level 5 in Stealth
  2552 | D:3      | Found a sacrificial altar of Ru.
  2552 | D:3      | Found a basalt altar of Yredelemnul.
  2578 | D:3      | Found a runed door.
  2578 | D:3      | Noticed an angel
  2579 | D:3      | Found a white marble altar of Elyvilon.
  2663 | D:3      | Noticed Terence
  2682 | D:3      | Killed Terence
  3310 | D:4      | Reached XP level 6. HP: 15/44 MP: 6/6
  3618 | D:4      | Noticed a green death
  3619 | D:4      | Found a burning altar of Makhleb.
  3622 | D:4      | Found a glowing silver altar of Zin.
  3622 | D:4      | Noticed an angel
  4130 | D:5      | Entered Level 5 of the Dungeon
  4392 | D:5      | Reached XP level 7. HP: 46/50 MP: 7/7
  4806 | D:5      | Reached skill level 6 in Stealth
  4815 | D:5      | Noticed Eustachio
  5229 | D:6      | Noticed Blork the orc
  5250 | D:6      | Killed Blork the orc
  5445 | D:6      | Reached XP level 8. HP: 46/56 MP: 8/8
  5485 | D:6      | Reached skill level 5 in Short Blades
  5485 | D:6      | Reached skill level 5 in Dodging
  5509 | D:6      | Reached skill level 7 in Stealth
  6669 | D:6      | Reached XP level 9. HP: 60/61 MP: 9/9
  7148 | D:7      | Reached skill level 8 in Stealth
  7265 | D:7      | Found a blossoming altar of Fedhas.
  7599 | D:7      | Reached skill level 1 in Shields
  7902 | D:8      | Noticed a komodo dragon
  8052 | D:8      | Noticed a hornet
  8053 | D:8      | Noticed Brouzouf's ghost (novice HEAE)
  8089 | D:8      | Killed a hornet
  8771 | D:8      | Found a bloodstained altar of Trog.
  8790 | D:8      | Noticed Erica
  8802 | D:7      | Mangled by a komodo dragon

Skill      XL: |  1  2  3  4  5  6  7  8  9 |
---------------+----------------------------+-----
Dodging        | 2 3 4 6 7 |  7.5
Short Blades   | 3 4 6 7 |  7.3
Stealth        | 5 6 7 8 |  8.8
Shields        | 2 |  2.6
Fighting       | |  2.0
Throwing       | |  2.0

Action                   |  1- 3 |  4- 6 |  7- 9 || total
-------------------------+-------+-------+-------++-------
Melee: Dagger            |    94 |   303 |   598 ||   995
 Fire: Blowgun           |     4 |    22 |    23 ||    49
Evoke: Wand              |       |       |     9 ||     9
  Use: Scroll            |       |     4 |     3 ||     7
       Potion            |       |       |     3 ||     3
 Stab: Sleeping          |    13 |     9 |    12 ||    34
       Distracted        |       |       |     1 ||     1
  Eat: Chunk             |     1 |     8 |     4 ||    13
       Bread ration      |       |     1 |     3 ||     4
Armor: Robe              |    29 |       |       ||    29
       Leather armour    |       |    82 |   228 ||   310
Dodge: Dodged            |    82 |   121 |   483 ||   686
Block: Other             |       |       |    24 ||    24
       Buckler           |       |       |    62 ||    62
       Reflection        |       |       |     2 ||     2
